[Event "*** Titled Tuesday Blitz"]
[Site "Chess.com"]
[Date "2020.04.07"]
[Round "5"]
[White "Viuvanegra"]
[Black "PauloCesarCosta_sad"]
[Result "1/2-1/2"]
[WhiteElo "1946"]
[BlackElo "2196"]
[TimeControl "180+1"]
[EndTime "13:57:03 PDT"]
[Termination "Game drawn by agreement"]

1. d4 d5 2. c4 c6 3. Nf3 e6 4.
e3 f5 5. g3 Nf6 6. Bg2 Bd6 7.
cxd5 exd5 8. O-O O-O 9. Nc3 Ne4 10. Qc2 Nd7 11. b3 Ndf6 12. Bb2 Be6 13. Ne2 Qe7 14. Ne5 Rae8 15. Nf4 Ng5 16. h4 Nf7 17. Nxe6 Qxe6 18.
Bh3 Nxe5 19. dxe5 Bxe5 20. Bxf5 Qd6 21. Bh3 Ne4 22. Bg2 Bxb2 23. Qxb2 Qb4 24. a3 Qd6 25. Rac1 a6 26. b4 Qg6 27. Qc2 Qe6 28. a4 Nd6 29. Qb2 Nc4 30. Qd4 Qe5 31. Rfd1 Qxd4 32. Rxd4 Nb2 33. a5 Nc4 34. Bf1 Nd6 35. Bd3 Nb5 36. Bxb5 axb5 37. Rf4 Rxf4 38. gxf4 Re4 39. a6 bxa6 40.
Rxc6 Rxb4 41. Rxa6 Rb1+ 42. Kg2 b4 43. Rb6 b3 44. Kf3 b2 45. Rb5 Kf7 46. h5 h6 47. f5 Kf6 48. Kf4 Kf7 49. Rb7+ Kf6 1/2-1/2

[Event "*** Titled Tuesday Blitz"]
[Site "Chess.com"]
[Date "2020.04.07"]
[Round "5"]
[White "AnishGiri"]
[Black "SketchyMoves"]
[Result "0-1"]
[WhiteElo "2917"]
[BlackElo "2741"]
[TimeControl "180+1"]
[EndTime "13:57:04 PDT"]
[Termination "SketchyMoves won by resignation"]

1. d4 e6 2. c4 Bb4+ 3. Bd2 Qe7 4. a3 Bxd2+ 5. Qxd2 Nf6 6. Nc3 d6 7. Nf3 O-O 8. g3 b6 9. Bg2 Bb7 10. d5 a5 11. O-O Re8 12. Rab1 Nbd7 13. Nd4 exd5 14. cxd5 a4 15. Rfe1 Nc5 16. e4 Ba6 17. Nc6 Qf8 18. Nb4 Bc4 19. Qd4 b5 20. h3 Nfd7 21. f4 Nb3 22. Qf2 f6 23. Rbd1 Nbc5 24. h4 Na6 25. Nc6 Nac5 26. Bh3 Nb8 27. Nb4 Nba6 28. Nxa6 Rxa6 29.
Re3 Raa8 30. Kh2 Re7 31. Qf3 Rae8 32. Rde1 g6 33. Kg2 Qg7 34. Qd1 f5 35. e5 dxe5 36. d6 cxd6 37. Qxd6 Nb7 38. Qc6 e4 39. g4 Nd8 40.
Qd6 Nf7 41. Qc5 Nd8 42. gxf5 Kh8 43. fxg6 Qxg6+ 44. Rg3 Qf6 45. Qg5 Qd4 46. Rd1 Bd3 47. Bf5 Nf7 48. Qh5 Nd6 49. Bg6 Rf8 50. Rd2 Rg7 51.
f5 Nc4 52. Rf2 Ne3+ 53. Kh3 Qe5 54. f6 Qe6+ 55. Kh2 Rxf6 56. Rxf6 Qxf6 57. Bxe4 Nf1+ 58. Kh1 Nxg3+ 59. Kh2 Nxh5 0-1

[Event "*** Titled Tuesday Blitz"]
[Site "Chess.com"]
[Date "2020.04.07"]
[Round "5"]
[White "StephenDedalus83"]
[Black "FMAntonio"]
[Result "1-0"]
[WhiteElo "2741"]
[BlackElo "2553"]
[TimeControl "180+1"]
[EndTime "13:57:04 PDT"]
[Termination "StephenDedalus83 won on time"]

1. e4 e5 2. Nf3 Nf6 3. Nxe5 d6 4. Nf3 Nxe4 5. Bd3 Nf6 6. h3 Be7 7. O-O O-O 8. c3 c5 9. Bc2 Nc6 10. d4 Be6 11. Bg5 Bd5 12. Be3 h6 13. Nbd2 Be6 14. dxc5 dxc5 15. Ne4 Nxe4 16. Bxe4 Qc7 17. Nd2 Rad8 18.
Qa4 Bd7 19. Qb3 b6 20. Nc4 Be6 21. Qa4 Nb8 22. Rad1 a6 23. Na3 b5 24. Qc2 Bd6 25.
c4 b4 26. Nb1 Nc6 27. Nd2 Be7 28. Nb3 Ne5 29. Bd5 Bxd5 30. cxd5 c4 31. Bf4 Nf3+ 32.
gxf3 Qxf4 33. Na5 Bd6 34. Rfe1 Rfe8 35. Re4 Qxf3 36. Rde1 Rxe4 37. Qxe4 Qxh3 38. Qg2 Qxg2+ 39. Kxg2 c3 40. bxc3 bxc3 41. Rc1 Kh7 42. Nc6 Rd7 43. Rxc3 Bf4 44. Rd3 g5 45. Kf3 Kg6 46. Ke4 f5+ 47. Kd4 h5 48. Ne5+ Bxe5+ 49. Kxe5 h4 50. d6 g4 51. Ke6 Ra7 52. d7 Ra8 53. d8=Q Rxd8 54. Rxd8 Kg5 55. Rf8 Kf4 56. Rxf5+ Ke4 57. Ra5 h3 58. Rxa6 h2 59. Ra4+ Kf3 60. Ra3+ Kxf2 61.
Ra5 h1=Q 62. Rf5+ Ke2 63. Re5+ Kd3 64. a4 Qh6+ 65. Kf5 1-0

[Event "*** Titled Tuesday Blitz"]
[Site "Chess.com"]
[Date "2020.04.07"]
[Round "5"]
[White "Atakishiyev04"]
[Black "TastyFrenchFries"]
[Result "1-0"]
[WhiteElo "2654"]
[BlackElo "2416"]
[TimeControl "180+1"]
[EndTime "13:57:05 PDT"]
[Termination "Atakishiyev04 won by resignation"]

1. d4 Nf6 2. c4 c5 3. d5 e5 4. Nc3 d6 5. g3 Be7 6. Bg2 O-O 7. e4 Nbd7 8. Nge2 Ne8 9. O-O a6 10. a4 g6 11. Bh6 Ng7 12. Qd2 Kh8 13. Rae1 Nf6 14.
Nc1 Ng8 15. Be3 f5 16. f4 exf4 17. Bxf4 fxe4 18. Nxe4 Bg4 19. Nd3 Qd7 20. Ndf2 Bf5 21.
Qd1 Rae8 22. Bd2 Nf6 23. Bc3 Nxe4 24. Nxe4 Kg8 25. Qd2 Nh5 26. Rf2 Bxe4 27. Bxe4 Rxf2 28. Qxf2 Rf8 29. Qe2 Bf6 30. Bf3 Bxc3 31. bxc3 Ng7 32.
Kg2 Qxa4 33. Qe7 Nf5 34. Qe6+ Kg7 35. Bg4 Qc2+ 36. Re2 Qxc3 37. Re4 Qd2+ 38. Kh3 Qg5 39. Rf4 Rf7 40. Bxf5 Rxf5 41. Qd7+ Kh6 42. Rh4+ Qh5 43. Rxh5+ Rxh5+ 44. Kg2 b5 45. cxb5 axb5 46. Qxd6 c4 47.
Qf4+ Kg7 48. d6 Rd5 49. Qe4 Rd3 50. Qe7+ Kh6 51. d7 c3 52. d8=Q Rxd8 53. Qxd8 c2 54. Qd2+ 1-0

[Event "*** Titled Tuesday Blitz"]
[Site "Chess.com"]
[Date "2020.04.07"]
[Round "5"]
[White "Faqade"]
[Black "Bajecny"]
[Result "0-1"]
[WhiteElo "2603"]
[BlackElo "2287"]
[TimeControl "180+1"]
[EndTime "13:57:05 PDT"]
[Termination "Bajecny won on time"]

1. e4 c5 2. Nf3 e6 3. d4 cxd4 4.
Nxd4 Nc6 5. Nc3 Qc7 6. Be3 a6 7. Qf3 Nf6 8. O-O-O Rb8 9. Be2 Bb4 10. Bf4 e5 11.
Nd5 Nxd5 12. exd5 Ne7 13. Bg3 d6 14. Nb3 O-O 15. a3 Bc5 16. Qc3 Ng6 17. Nxc5 Qxc5 18. Qxc5 dxc5 19. d6 Be6 20. h4 Rfd8 21. h5 Nf4 22.
Bxf4 exf4 23. Rh4 Rd7 24. Rxf4 Rbd8 25. Bf3 b5 26. b4 cxb4 27. axb4 Rxd6 28. c3 h6 29.
Rxd6 Rxd6 30. Rd4 Rxd4 31. cxd4 Bc8 32. d5 Kf8 33. d6 Ke8 34. Bc6+ Bd7 35. Bb7 Bg4 36.
Bxa6 Kd7 37. Bxb5+ Kxd6 38. Kd2 Bxh5 39. Be2 Bg6 40.
Bd3 f5 41. Kc3 Ke5 42. b5 Be8 43. Kb4 g5 44. Kc5 Bf7 45. Bc4 Bh5 0-1

[Event "*** Titled Tuesday Blitz"]
[Site "Chess.com"]
[Date "2020.04.07"]
[Round "5"]
[White "lelya96"]
[Black "littleozy"]
[Result "0-1"]
[WhiteElo "2261"]
[BlackElo "2465"]
[TimeControl "180+1"]
[EndTime "13:57:05 PDT"]
[Termination "littleozy won by resignation"]

1. d4 d5 2. Nc3 Nf6 3. Bg5 c6 4.
Nf3 h6 5. Bxf6 exf6 6. e4 dxe4 7.
Nxe4 Be7 8. Bd3 Bg4 9. c3 Nd7 10. h3 Bxf3 11. Qxf3 g6 12. O-O f5 13. Ng3 Nf8 14. Rfe1 Ne6 15. Bc4 Ng5 16. Qf4 O-O 17. Rad1 Bd6 18. Qc1 Kh7 19. Qc2 Bxg3 20. fxg3 Ne4 21. g4 Qg5 22. gxf5 gxf5 23. Bd3 Ng3 24. Re5 Rae8 25. Bxf5+ Kh8 26. Be6 Qg7 27. Bg4 Rxe5 28.
dxe5 Qxe5 29. Qf2 Re8 30. Qd4 Qxd4+ 31. Rxd4 Ne2+ 32. Bxe2 Rxe2 33. Rb4 b5 34. a4 a5 35.
Rf4 Rxb2 36. axb5 cxb5 37. Rxf7 a4 38. Rb7 a3 39. Kh2 a2 40. Ra7 Kg8 41. Kg3 Kf8 42. Kg4 Rxg2+ 43. Kh5 Rh2 44. h4 Ke8 45. Kg6 Kd8 46.
h5 Kc8 47. Kxh6 Kb8 48. Ra5 Kb7 49. Kg6 Kb6 50. Ra8 Kc5 51. h6 Kc4 52. Rc8+ Kb3 53.
Ra8 Kxc3 54. h7 Kb2 55. Rxa2+ Kxa2 0-1

[Event "*** Titled Tuesday Blitz"]
[Site "Chess.com"]
[Date "2020.04.07"]
[Round "5"]
[White "tgpgoat"]
[Black "Bad4life"]
[Result "0-1"]
[WhiteElo "2058"]
[BlackElo "2318"]
[TimeControl "180+1"]
[EndTime "13:57:05 PDT"]
[Termination "Bad4life won by resignation"]

1. e4 c5 2. Nf3 g6 3. d4 cxd4 4.
Nxd4 Nc6 5. Be3 Bg7 6. Nc3 Nf6 7. Be2 O-O 8. O-O d5 9. exd5 Nxd5 10. Nxd5 Qxd5 11.
Bf3 Qd7 12. Nxc6 bxc6 13. Qxd7 Bxd7 14. Rad1 Rfd8 15. c3 Be8 16. Rxd8 Rxd8 17. Rd1 Ra8 18. h3 f5 19. Bc5 e5 20. Be2 Bf7 21. b3 a5 22. Rd6 Rc8 23. Ba6 Rb8 24. Rxc6 a4 25. bxa4 Rb1+ 26. Kh2 Bxa2 27. Rc8+ Kf7 28. Rc7+ Kg8 29.
Bd3 Rd1 30. Bb5 e4 31. Rc8+ Kf7 32. Be8+ Ke6 33. Rc6+ Ke5 34. Bd4+ Rxd4 35. cxd4+ Kxd4 36. Rc7 Be5+ 37. g3 Bxc7 38. Kg2 Ba5 39. h4 Bg8 40. h5 g5 41. Bd7 Ke5 42. Bb5 h6 43. Be8 Bd5 44. Kf1 Bc4+ 45. Kg1 Bb6 46. Kg2 Bd5 47. Kf1 Ba7 48. a5 Bc4+ 49. Kg2 Bc5 50. Bc6 Bb4 51. Bd7 Bxa5 52. g4 Be6 53. Bxe6 Kxe6 54.
gxf5+ Kxf5 55. Kg3 Bc7+ 56. Kg2 Kf4 57. Kf1 Kf3 0-1

[Event "*** Titled Tuesday Blitz"]
[Site "Chess.com"]
[Date "2020.04.07"]
[Round "5"]
[White "kingmonkey2006"]
[Black "JakeCarlosBanawa"]
[Result "1-0"]
[WhiteElo "2626"]
[BlackElo "2417"]
[TimeControl "180+1"]
[EndTime "13:57:06 PDT"]
[Termination "kingmonkey2006 won on time"]

1. d4 Nf6 2. Nf3 e6 3. Bf4 d5 4.
e3 c5 5. Nbd2 Nc6 6. c3 Bd6 7.
Bg3 O-O 8. Bd3 b6 9. O-O Bb7 10. Ne5 Ne7 11. f4 Nf5 12. Bf2 Be7 13. Qf3 Nd6 14. Rad1 Nfe4 15. Bxe4 dxe4 16. Qg3 cxd4 17. cxd4 f6 18. Nec4 Ba6 19. b3 Rc8 20. Rc1 f5 21. Rfd1 Bxc4 22. bxc4 Qd7 23. c5 Nf7 24. Nb3 Rfd8 25.
Rd2 Nh6 26. Rdc2 Ng4 27. h3 Nf6 28. Be1 Nd5 29. Qf2 Qb5 30. Qe2 Qxe2 31. Rxe2 bxc5 32. dxc5 Rc6 33. Kf2 Rdc8 34. Rec2 Bf6 35. Ke2 h6 36. g4 g5 37. fxg5 Bxg5 38. Bd2 f4 39. exf4 Nxf4+ 40. Bxf4 Bxf4 41. Rd1 Ra6 42. Rd4 e5 43. Rxe4 Rd8 44.
c6 Rc8 45. Rec4 Kf7 46. c7 Ke7 47. Nc5 Rc6 48. Nd3 Rxc4 49. Rxc4 Bh2 50. Nb4 Kd6 51. Rc6+ Kd7 52. Rxh6 Rxc7 53. Rh7+ Kd6 54. Rh6+ Kc5 55. Na6+ 1-0

[Event "*** Titled Tuesday Blitz"]
[Site "Chess.com"]
[Date "2020.04.07"]
[Round "5"]
[White "bestluluNA"]
[Black "meridaandres"]
[Result "0-1"]
[WhiteElo "2474"]
[BlackElo "2284"]
[TimeControl "180+1"]
[EndTime "13:57:06 PDT"]
[Termination "meridaandres won on time"]

1. d4 g6 2. e4 Bg7 3. Nc3 d6 4. Nf3 Nf6 5. Be2 O-O 6. O-O Nbd7 7. e5 Ne8 8. Bf4 c5 9. dxc5 Nxc5 10. Qd2 Ne6 11. Bh6 dxe5 12. Qxd8 Nxd8 13. Bxg7 Kxg7 14. Nxe5 Nd6 15. Nd5 f6 16. Nc4 Nxc4 17. Bxc4 e5 18. f4 e4 19. Ne3 Be6 20. Bxe6 Nxe6 21. f5 Nc5 22. Rad1 Rad8 23. Kf2 Rd7 24. Rxd7+ Nxd7 25. Rd1 Ne5 26. Rd4 Rc8 27. Rxe4 Rd8 28.
Ke2 b6 29. b3 Nc6 30. c3 Rd7 31. g4 Ne5 32. Ra4 a5 33. Rd4 Rc7 34. c4 Re7 35. Re4 Rd7 36. Nd5 Rd6 37. g5 fxg5 38. Rxe5 gxf5 39.
Rxf5 Kg6 40. Re5 h5 41. Ke3 g4 42. Ke4 h4 43. Nf4+ Kf6 44. Rh5 Rd1 45. Rxh4 Re1+ 46.
Kd3 Kg5 47. Ng2 Rg1 48. Rh8 Rxg2 49. a3 Ra2 50. a4 Rf2 51. Kd4 Rf4+ 52. Kd5 Rf3 53.
Rg8+ Kf4 54. Rf8+ Ke3 55. Rb8 Rf6 56. c5 bxc5 57. Kxc5 Kf2 58. Rh8 Kg2 59. Kb5 Rf3 60. Kxa5 Rxb3 61. Ka6 Rh3 62. a5 Rxh8 0-1

[Event "*** Titled Tuesday Blitz"]
[Site "Chess.com"]
[Date "2020.04.07"]
[Round "5"]
[White "GeorgMeier"]
[Black "Harut-1998"]
[Result "1/2-1/2"]
[WhiteElo "2997"]
[BlackElo "2660"]
[TimeControl "180+1"]
[EndTime "13:57:07 PDT"]
[Termination "Game drawn - insufficient material"]

1. Nf3 d5 2. d4 Nf6 3. c4 e6 4. Nc3 Bb4 5. Bg5 dxc4 6. e4 c5 7.
Bxc4 cxd4 8. Nxd4 Bxc3+ 9. bxc3 Qa5 10. Bb5+ Bd7 11. Bxf6 gxf6 12. Qb3 Bxb5 13. Nxb5 O-O 14. O-O Nc6 15. c4 Rad8 16. Qg3+ Kh8 17. Qh4 Kg7 18.
Rab1 Ne5 19. Rb3 Ng6 20. Qh5 h6 21. c5 a6 22. Rh3 Rh8 23. Nd6 Rd7 24. f4 b6 25. Nxf7 Rxf7 26. Rg3 Qxc5+ 27. Qxc5 bxc5 28. f5 exf5 29. exf5 Rg8 30. Rc1 Kh7 31. fxg6+ Rxg6 32. Rxg6 Kxg6 33. Rxc5 Rb7 34. Ra5 Rb6 35. Kf2 Re6 36.
g4 Rd6 37. h4 h5 38. gxh5+ Kh6 39. Ke3 Re6+ 40. Kd4 Rb6 41. a3 Rc6 42. a4 Rb6 43. Kc4 Rc6+ 44. Kb4 Rb6+ 45. Ka3 Re6 46. Rf5 Re3+ 47. Kb4 Re4+ 48. Ka5 Re5+ 49. Rxe5 fxe5 50. Kb4 Kxh5 51. Kc4 Kxh4 52. Kd5 Kg5 53. Kxe5 a5 54. Kd6 Kf6 55. Kc6 Ke7 56. Kb6 Kd7 57. Kxa5 Kc8 58. Kb5 Kb8 59. a5 Ka8 60. a6 Kb8 61. Kb4 Ka8 62.
a7 Kxa7 1/2-1/2

[Event "*** Titled Tuesday Blitz"]
[Site "Chess.com"]
[Date "2020.04.07"]
[Round "5"]
[White "GMG"]
[Black "Storne89"]
[Result "0-1"]
[WhiteElo "2772"]
[BlackElo "2624"]
[TimeControl "180+1"]
[EndTime "13:57:07 PDT"]
[Termination "Storne89 won on time"]

1. d4 Nf6 2. Bf4 d5 3. e3 e6 4. Nd2 Bd6 5. Ngf3 c5 6. c3 Nc6 7. Bg3 O-O 8. Bd3 b6 9. e4 dxe4 10. Nxe4 Nxe4 11. Bxe4 Bb7 12. Qa4 Qc7 13. dxc5 bxc5 14.
O-O-O Bxg3 15. Bxh7+ Kxh7 16. hxg3+ Kg8 17. Ng5 Rfd8 18.
Qh4 Rxd1+ 19. Rxd1 Rd8 20. Rh1 Kf8 21. Qh8+ Ke7 22. Qxg7 Rf8 23. Nxe6 Kxe6 24. Qxf8 Qe5 25. Rh6+ f6 26. Qg8+ Kd6 27. Qg4 Qe1+ 28. Qd1+ Qxd1+ 29.
Kxd1 Ke6 30. f3 Ne7 31. Rh7 Bc6 32. g4 a5 33. Ke2 Bb5+ 34. Kf2 Nd5 35. Ra7 a4 36.
Kg3 c4 37. f4 Ne3 38. Ra5 Bc6 39. Ra6 Kd7 40. f5 Nd1 41. Rb6 a3 42. bxa3 Nxc3 43.
Kf4 Nd5+ 44. Ke4 Nxb6+ 45. Kd4 Kd6 46. g3 Bb5 47. Kc3 Na4+ 48. Kb4 c3 49. Kb3 Bc4+ 50. Kc2 Bd5 0-1

[Event "*** Titled Tuesday Blitz"]
[Site "Chess.com"]
[Date "2020.04.07"]
[Round "5"]
[White "valeriocarnicelli"]
[Black "politeplayer"]
[Result "1/2-1/2"]
[WhiteElo "2602"]
[BlackElo "2217"]
[TimeControl "180+1"]
[EndTime "13:57:07 PDT"]
[Termination "Game drawn by agreement"]

1. e4 e6 2. d4 d5 3. Nc3 dxe4 4.
Nxe4 Nd7 5. Nf3 Ngf6 6. Nxf6+ Nxf6 7. Bd3 c5 8. c3 a6 9. O-O cxd4 10. cxd4 Bd7 11.
Ne5 Bd6 12. Bg5 Rc8 13. Qf3 Bc6 14. Nxc6 Rxc6 15. d5 exd5 16. Rfe1+ Be7 17. Qh3 h6 18. Bd2 O-O 19. Bc3 d4 20. Bd2 Re8 21. Qf5 Qc8 22. Qf3 Qg4 23. Qxg4 Nxg4 24. Bb4 Re6 25. Rxe6 fxe6 26.
Bg6 Bxb4 27. Bxe8 d3 28. Bg6 Bc5 29. Bxd3 Nxf2 30. Be2 Ng4+ 31. Kf1 Ne3+ 32. Ke1 Nc2+ 33.
Kd2 Nxa1 34. Kc1 Bd6 35. h3 b5 36. Kb1 Nb3 37. axb3 Kf7 38. Kc2 Kf6 39. Kc3 Be5+ 40.
Kb4 Bxb2 41. Ka5 Bc3+ 42. Kxa6 b4 43. Kb5 Ke5 44. Kc4 Ke4 45. Bf3+ Ke3 46. Bg4 e5 47.
Kd5 e4 48. Bf5 g5 49. Bxe4 Kf4 50. Bf3 Be1 1/2-1/2

[Event "*** Titled Tuesday Blitz"]
[Site "Chess.com"]
[Date "2020.04.07"]
[Round "5"]
[White "OK97"]
[Black "Sawyer2908"]
[Result "1-0"]
[WhiteElo "2749"]
[BlackElo "2532"]
[TimeControl "180+1"]
[EndTime "13:57:08 PDT"]
[Termination "OK97 won on time"]

1. Nf3 Nf6 2. g3 b5 3. Bg2 Bb7 4.
O-O e6 5. d4 Be7 6. Bg5 O-O 7.
Qd3 Be4 8. Qxb5 Nc6 9. Nbd2 Rb8 10. Qc4 Bd5 11. Qd3 Rxb2 12. Bxf6 gxf6 13. e4 Nb4 14. Qe2 Bb7 15. c3 Ba6 16. Qe3 Nc2 17. Qf4 Nxa1 18. Rxa1 Kh8 19. c4 Rg8 20. Bf1 Qb8 21. Qh4 Qb4 22.
e5 fxe5 23. Qh6 Rg6 24. Qe3 d6 25. a3 Qb6 26. c5 Qb7 27. dxe5 Bxf1 28. exd6 cxd6 29.
Rxf1 Qd5 30. Ne4 dxc5 31. Qc3+ Kg8 32. Qxb2 Qxe4 33. Ne5 Rg5 34. Nd7 Qf5 35. Qb8+ Kg7 36. Qe8 Bd6 37. Rd1 Qc2 38. Rxd6 Rf5 39. f4 Qc1+ 40.
Kg2 Qc2+ 41. Kg1 Qc1+ 42. Kf2 Qc2+ 43. Ke1 Qc1+ 44. Ke2 Qc2+ 45. Rd2 Qe4+ 46. Kf2 Rd5 47. Qf8+ Kg6 48. Qg8+ Kh6 49. Rxd5 Qxd5 50. Qg5+ 1-0

[Event "*** Titled Tuesday Blitz"]
[Site "Chess.com"]
[Date "2020.04.07"]
[Round "5"]
[White "Jadeit90"]
[Black "tamarozi99"]
[Result "1/2-1/2"]
[WhiteElo "2221"]
[BlackElo "1928"]
[TimeControl "180+1"]
[EndTime "13:57:08 PDT"]
[Termination "Game drawn by agreement"]

1. g3 g6 2. Bg2 Bg7 3. e4 c5 4. Nc3 d6 5. d3 e6 6. Be3 Nc6 7. Qd2 h6 8. h4 Rb8 9. Nd1 b5 10. f4 Nge7 11. h5 Qa5 12. c3 b4 13.
c4 Nd4 14. hxg6 fxg6 15. Bxd4 Bxd4 16. Nf3 Bg7 17. O-O O-O 18. Nf2 Nc6 19. Ng4 b3 20.
Qxa5 Nxa5 21. axb3 Nxb3 22. Rxa7 Bxb2 23. Rb1 Bg7 24.
Ra3 e5 25. Ne3 exf4 26. gxf4 Rxf4 27. Raxb3 Rxb3 28. Rxb3 g5 29. Rb8 Rf8 30. Nd5 Kf7 31. Rb6 Ke6 32. Bh3+ Kf7 33. Bxc8 Rxc8 34. Rxd6 Ra8 35.
Rd7+ Kg6 36. Ne7+ Kh5 37. Nf5 Bb2 38. Kg2 Kg4 39. Nxh6+ Kf4 40. Rf7+ Ke3 41. Rd7 Bd4 42. Nf5+ Kxd3 43. N5xd4 cxd4 44. Rxd4+ Ke3 45. Kg3 Rf8 46. Rd7 Rxf3+ 47. Kg4 Rf4+ 48. Kxg5 Rxe4 49. c5 Rc4 50. Rd5 Ke4 1/2-1/2

[Event "*** Titled Tuesday Blitz"]
[Site "Chess.com"]
[Date "2020.04.07"]
[Round "5"]
[White "AndrewMaco"]
[Black "Alexander_Donchenko"]
[Result "0-1"]
[WhiteElo "2630"]
[BlackElo "2859"]
[TimeControl "180+1"]
[EndTime "13:57:09 PDT"]
[Termination "Alexander_Donchenko won by resignation"]

1. e4 c6 2. d4 d5 3. e5 Bf5 4. Nf3 e6 5. Be2 Ne7 6. c3 h6 7. O-O Nd7 8. Nbd2 a5 9. a4 Bh7 10. Nb3 Qb6 11. c4 dxc4 12. Bxc4 Nd5 13. Bd2 Be7 14.
Re1 O-O 15. Qe2 Rfd8 16. Rac1 Nf8 17. g3 Ng6 18. Red1 Bb4 19. Bxb4 Qxb4 20. Nc5 b6 21. Nb7 Rd7 22. Nd6 Qxa4 23. Bd3 Nf8 24. Bxh7+ Nxh7 25. Rd2 Nf8 26. Rdc2 Nb4 27. Rc4 Rad8 28. Kg2 Ng6 29. R4c3 Nd5 30. Qd2 Nxc3 31. Rxc3 Rxd6 32. exd6 Rxd6 33.
h4 Qb4 34. h5 Ne7 35. Qc2 Qb5 36. Rb3 Qxh5 37. Rxb6 Qd5 38. Rb8+ Rd8 39. Rb7 Nf5 40. Qc3 Nxd4 41. Qxd4 Qxd4 42. Nxd4 Rxd4 43. Rc7 Rb4 44. Rxc6 Rxb2 45. Ra6 Ra2 46. g4 g6 47. Kg3 Kg7 48. f4 a4 49. g5 hxg5 50. fxg5 a3 51. Ra7 Ra1 52. Kg2 a2 53. Kh2 Kg8 54. Kg2 Kf8 55. Kh2 Ke8 56. Kg2 Kd8 57.
Kh2 Kc8 58. Kg2 Kb8 59. Ra5 Kc7 60. Ra8 Kd6 61. Kh2 Ke5 62. Ra5+ Kf4 63. Kg2 e5 0-1

[Event "*** Titled Tuesday Blitz"]
[Site "Chess.com"]
[Date "2020.04.07"]
[Round "5"]
[White "MathiasWomacka"]
[Black "Misticpikachu"]
[Result "0-1"]
[WhiteElo "2410"]
[BlackElo "2237"]
[TimeControl "180+1"]
[EndTime "13:57:09 PDT"]
[Termination "Misticpikachu won on time"]

1. e4 c5 2. Nf3 Nc6 3. d4 cxd4 4. Nxd4 Nf6 5. Nc3 e6 6. Nxc6 bxc6 7. e5 Nd5 8. Ne4 Qc7 9. f4 Qb6 10. c4 Bb4+ 11. Ke2 f5 12. exf6 Nxf6 13. Be3 Qd8 14.
Nd6+ Bxd6 15. Qxd6 Bb7 16. g4 Nxg4 17. Bd4 c5 18.
Rg1 Qh4 19. Bxc5 Rc8 20. h3 Nh6 21. Rxg7 Qh5+ 22. Kd2 Qxc5 23. Qxd7+ Kf8 24. Qxb7 Rd8+ 25. Kc2 Qf2+ 26. Kb3 Qe3+ 27. Ka4 Qc5 28. Re1 Re8 29. Rxh7 Rg8 30. Rxh6 Rg7 31. Rh8+ Rg8 32. Rxg8+ Kxg8 33. Bd3 Re7 34. Qb8+ Kf7 35. Re5 Qc6+ 36. Ka3 Rb7 37. Bg6+ Kxg6 38. Qg8+ Rg7 39. Rxe6+ Kf5 40. Rxc6 Rxg8 41.
Kb4 Kxf4 42. c5 Rg2 43. b3 Rxa2 44. Rf6+ Ke5 45. Rf7 Ke6 46. Rh7 Kd5 47. Rh5+ Kc6 48. Rh6+ Kc7 49. Kb5 Rf2 0-1

[Event "*** Titled Tuesday Blitz"]
[Site "Chess.com"]
[Date "2020.04.07"]
[Round "5"]
[White "Hangar-18"]
[Black "karinachess1"]
[Result "1/2-1/2"]
[WhiteElo "2367"]
[BlackElo "2522"]
[TimeControl "180+1"]
[EndTime "13:57:10 PDT"]
[Termination "Game drawn by repetition"]

1. b3 e5 2. Bb2 Nc6 3. e3 g6 4. c4 Bg7 5. g3 Nge7 6. Bg2 d5 7. cxd5 Nxd5 8. a3 O-O 9. Ne2 Bg4 10. h3 Be6 11.
O-O Qd7 12. Kh2 Rad8 13. Qc2 Nde7 14. Rd1 Qd3 15. Qxd3 Rxd3 16. Nc1 Rd7 17. Nc3 f5 18. d3 Rfd8 19. Rb1 a6 20. f4 exf4 21. gxf4 Na5 22.
Na4 b6 23. Bxg7 Kxg7 24. b4 Nc4 25. Re1 Nxa3 26. Rb2 Nb5 27. e4 fxe4 28. Rxe4 Bd5 29. Re5 Bxg2 30. Rxg2 Kf6 31. Rge2 Nf5 32. Nb2 Nfd4 33. R2e3 Nf5 34. R3e4 Nbd4 35. Kg2 Nh4+ 36. Kf2 Nhf5 37. Ne2 Nxe2 38. Kxe2 Re7 39. Rxe7 Nxe7 40.
Rc4 Rd7 41. Kf3 Nf5 42. Rc6+ Kf7 43. Ke4 Ne7 44. Rc1 Nd5 45. Rc4 Nf6+ 46. Kf3 Nd5 47. h4 Ke6 48. Rc6+ Rd6 49. Rc4 Nf6 50. Rc1 Rd7 51. Re1+ Kf7 52. Rc1 Nd5 53. Rc4 Kf6 54. Rc6+ Kf7 55. Rc4 1/2-1/2

[Event "*** Titled Tuesday Blitz"]
[Site "Chess.com"]
[Date "2020.04.07"]
[Round "5"]
[White "Rubinstein_Akiba"]
[Black "kai_nov"]
[Result "0-1"]
[WhiteElo "2344"]
[BlackElo "2217"]
[TimeControl "180+1"]
[EndTime "13:57:10 PDT"]
[Termination "kai_nov won by resignation"]

1. e4 c5 2. Be2 Nc6 3. f4 d5 4. d3 dxe4 5. dxe4 Qxd1+ 6. Bxd1 b6 7. Nc3 Bb7 8. Nf3 e6 9. Be3 Be7 10. Be2 O-O-O 11. O-O h6 12. Bb5 Bf6 13. e5 Be7 14. a4 Nb4 15. Rf2 h5 16. a5 Nh6 17. axb6 axb6 18.
Na4 Kc7 19. c3 Nd3 20. Rd2 Ng4 21. Rxd3 Rxd3 22. Bxd3 Nxe3 23. b4 Rd8 24. Be2 cxb4 25. cxb4 Bxb4 26. Rc1+ Bc6 27. Bb5 Rd1+ 28. Rxd1 Nxd1 29.
Bxc6 Kxc6 30. Ng5 Kb5 31. Nxb6 Kxb6 32. Nxf7 Kc6 33. Ng5 Kd5 34. Kf1 Ne3+ 35. Ke2 Nxg2 36. Kf3 Nh4+ 37. Kg3 Nf5+ 38. Kf3 Bc5 39. Nf7 Be7 40.
Nh8 Nh4+ 41. Ke3 Bc5+ 42. Kd3 Ng2 43. Ng6 h4 44. h3 Bb4 45. Ke2 Ke4 46. Kf2 Nxf4 47.
Nxh4 Nxh3+ 48. Kg3 Nf4 49. Nf3 Kf5 50. Nd4+ Ke4 51.
Nf3 Be7 52. Kg4 g6 53. Kg3 Nd3 54. Ng5+ Kxe5 55. Nf7+ Kf6 56. Nh6 Bd6+ 57. Kg4 Ne5+ 58. Kf4 Kg7 0-1

[Event "*** Titled Tuesday Blitz"]
[Site "Chess.com"]
[Date "2020.04.07"]
[Round "5"]
[White "fireheart92"]
[Black "Sibelephant"]
[Result "0-1"]
[WhiteElo "2888"]
[BlackElo "3159"]
[TimeControl "180+1"]
[EndTime "13:57:13 PDT"]
[Termination "Sibelephant won on time"]

1. d4 d5 2. c4 c6 3. Nc3 Nf6 4. cxd5 cxd5 5. Bf4 Nc6 6. e3 a6 7. Be2 Bf5 8. Nf3 e6 9. Qb3 Bd6 10. Qxb7 Na5 11. Qxa8 Qxa8 12. Bxd6 Nc4 13. Bxc4 dxc4 14.
O-O Ne4 15. Ba3 Nxc3 16. bxc3 f6 17. Nd2 Bd3 18. Rfe1 Kf7 19. e4 Qc6 20. d5 exd5 21. exd5 Qxd5 22. Re7+ Kg6 23. Rae1 h6 24. Nf3 Rb8 25.
Nd4 Rb1 26. Rxb1 Bxb1 27. h3 Bf5 28. Rc7 Qa5 29. Bd6 Qxc3 30. Nc6 Be4 31. Ne7+ Kh7 32. Bg3 Qd3 33. f3 c3 34. Kh2 c2 35. fxe4 Qd2 36.
Nd5 c1=Q 37. Nxf6+ Kg6 38. Rxc1 Qxc1 39. Nd5 Qc4 40.
Ne7+ Kf6 41. Nf5 Qxe4 42. Nd6 Qd5 43. a3 a5 0-1

[Event "*** Titled Tuesday Blitz"]
[Site "Chess.com"]
[Date "2020.04.07"]
[Round "5"]
[White "Sesleria"]
[Black "MFguimaraes"]
[Result "0-1"]
[WhiteElo "1978"]
[BlackElo "2399"]
[TimeControl "180+1"]
[EndTime "13:57:14 PDT"]
[Termination "MFguimaraes won by resignation"]

1. e4 e5 2. Nf3 Nc6 3. Bb5 Nf6 4. d4 exd4 5. e5 Nd5 6. c4 Bb4+ 7. Bd2 Bxd2+ 8.
Qxd2 Nb6 9. Na3 O-O 10. O-O Re8 11. Rfe1 a6 12. Bxc6 dxc6 13. Qxd4 Be6 14. b3 Qxd4 15. Nxd4 c5 16. Nf3 Bg4 17. Rad1 Bxf3 18. gxf3 Rad8 19. f4 Kf8 20. Nc2 Rxd1 21. Rxd1 f6 22. Re1 Nd7 23.
e6 Nb8 24. f5 Nc6 25. Rd1 Rd8 26. Rxd8+ Nxd8 27. Ne3 c6 28. Ng4 Ke7 29. Kg2 g6 30.
fxg6 hxg6 31. f4 Nxe6 32. Kg3 Nd4 33. h4 b5 34. Ne3 b4 35. Kg4 Ke6 36. f5+ gxf5+ 37.
Kf4 Ne2+ 38. Kf3 Nc3 39. h5 Nxa2 40. Kf4 Nc1 41. h6 Nd3+ 42. Kf3 Ne5+ 43. Kf4 Ng6+ 44. Kf3 Ke5 45. h7 Kd4 46. Nxf5+ Kc3 47. Ke4 Kxb3 48. Nh4 Nh8 49. Kf5 Kxc4 50. Kxf6 b3 51. Kg7 b2 52. Kxh8 b1=Q 53. Kg7 Qb7+ 54. Kg8 Qc8+ 55. Kg7 Qd7+ 56. Kg8 Qd8+ 57. Kg7 Qxh4 0-1

[Event "*** Titled Tuesday Blitz"]
[Site "Chess.com"]
[Date "2020.04.07"]
[Round "5"]
[White "TheKingDoctor"]
[Black "GodDMuhammad"]
[Result "0-1"]
[WhiteElo "2099"]
[BlackElo "2320"]
[TimeControl "180+1"]
[EndTime "13:57:14 PDT"]
[Termination "GodDMuhammad won by checkmate"]

1. e4 c6 2. d4 d5 3. Nc3 dxe4 4. Nxe4 Bf5 5. Ng3 Bg6 6. Bc4 e6 7.
N1e2 Bd6 8. O-O Nf6 9. f4 Nbd7 10. f5 exf5 11. Nxf5 Bxf5 12. Rxf5 Qc7 13. Bf4 Bxf4 14. Rxf4 Nb6 15. Bd3 O-O-O 16. c4 Rhe8 17. Qf1 Kb8 18.
Qf2 Re7 19. Nc3 Rde8 20. Rd1 h5 21. h3 Nbd7 22. Bf1 Qa5 23. d5 cxd5 24. cxd5 Re5 25.
d6 Qc5 26. Bb5 Qxf2+ 27. Kxf2 Kc8 28. Rc1 Kd8 29. Rc4 a6 30. Bxd7 Kxd7 31. Rc7+ Kxd6 32. Rxb7 Ne4+ 33. Nxe4+ Rxe4 34. Rxf7 Re2+ 35. Kf1 Rxb2 36. Rxg7 Ree2 37. Rg6+ Kd5 38. Rg5+ Kd4 39. Rd1+ Ke4 40. Rg3 h4 41. Rg7 Kf4 42. Rf7+ Kg3 43. Rg7+ Kh2 44. Rg4 Rxa2 45. Rxh4 Rf2+ 46. Ke1 Rae2# 0-1